 Dungeon Crawl Stone Soup version 0.31-a0-200-gbc41564c69 (webtiles) character file.

Game seed: 9334559380328189570

67 qw the Shooter (level 4, 0/25 HPs)
             Began as a Deep Elf Hunter on June 25, 2023.
             Slain by Sigmund
             ... wielding a +0 scythe
              (2 damage)
             ... on level 2 of the Dungeon.
             The game lasted 00:00:27 (1086 turns).

qw the Shooter (Deep Elf Hunter)                    Turns: 1086, Time: 00:00:27

Health: 0/25       AC:  5    Str: 16    XL:     4   Next: 0%
Magic:  6/6        EV: 11    Int: 14    God:
Gold:   43         SH:  0    Dex: 18    Spells: 3/3 levels left

rFire   . . .        Y - +0 shortbow
rCold   . . .        (shield currently unavailable)
rNeg    . . .        b - +0 ring mail
rPois   .            (no helmet)
rElec   .            (no cloak)
rCorr   .            (no gloves)
SInv    .            (no boots)
Will    .....        (no amulet)
Stlth   +            f - +6 ring of strength
HPRegen 0.24/turn    (no ring)
MPRegen 0.10/turn

%: no passive effects
@: no status effects
A: no striking features
a: no special abilities


You were on level 2 of the Dungeon.
You visited 1 branch of the dungeon, and saw 2 of its levels.

You collected 43 gold pieces.


   Skills:
 - Level 1.5 Fighting
 + Level 7.4 Ranged Weapons
 - Level 2.4 Dodging
 - Level 1.2 Stealth


You had 3 spell levels left.
You didn't know any spells.
Your spell library was empty.

Inventory:

Hand Weapons
 Y - a +0 shortbow (weapon)
Armour
 b - a +0 ring mail (worn)
Jewellery
 f - a +6 ring of strength (left hand)
Scrolls
 a - a scroll of identify
 e - a scroll of teleportation
Potions
 d - a potion of curing {unknown}
 g - 2 potions of invisibility {unknown}
 i - a potion of might

Dungeon Overview and Level Annotations

Branches:
Dungeon (2/15)

Altars:

Annotations:
D:2 Sigmund


Message History

Sigmund the Dreaded comes into view.
He is wielding a +0 scythe.
You shoot an arrow. The arrow hits Sigmund!
Sigmund is moderately wounded.
You shoot an arrow. The arrow closely misses Sigmund.
Sigmund points at you and mumbles some strange words.
You are confused.
Sigmund hits you from afar with a +0 scythe!
You feel less confused.
Sigmund hits you from afar with a +0 scythe.
You shoot an arrow. The arrow hits Sigmund.
Sigmund is heavily wounded.
Sigmund hits you from afar with a +0 scythe.
1076 ||| UPGRADING to +0 ring mail.
You start removing your armour.
You continue taking off your +0 leather armour.
Sigmund drinks a potion.
Sigmund is healed!
You continue taking off your +0 leather armour.
Sigmund closely misses you.
You continue taking off your +0 leather armour.
Sigmund completely misses you.
You continue taking off your +0 leather armour.
You finish taking off your +0 leather armour.
You start putting on your armour.
You continue putting on your +0 ring mail.
Sigmund closely misses you.
You continue putting on your +0 ring mail.
Sigmund points at you and mumbles some strange words.
Keep equipping yourself?
The puff of flame hits you!
You continue putting on your +0 ring mail.
Sigmund barely misses you.
You continue putting on your +0 ring mail. x2
Sigmund casts a spell.
Sigmund flickers and vanishes!
Deactivating autopickup; reactivate with Ctrl-A.
You finish putting on your +0 ring mail.
Autopickup is now on.
1086 ||| DROPPING +0 leather armour.
You drop a +0 leather armour.
Something hits you.
You die...

.# #.......# <#
##...#+#..# .# .#
#...## .# ###.# .#
#...# ..###....# .#
#..#######.........
.#
#..#....)#..$......
.#
#..'.%...#...{...#
.#
#.#########.....#
># #.# #@##.# .##
#.# +....# #.# #.#
#.#### .##
#.#########.# .#
#..'.....#..# .#
##.#.....#.## .#
#.#######.#
.######..#...#..#
.#.......##.##.##


There were no monsters in sight!

Vanquished Creatures
  An adder (D:2)
  2 worms (D:2)
  2 dart slugs
  6 bats
  4 endoplasms
  A giant cockroach (D:1)
  4 goblins (D:1)
  3 hobgoblins (D:1)
  4 jackals (D:1)
  4 quokkas
  5 ball pythons (D:1)
  2 frilled lizards
  2 kobolds (D:1)
  2 rats
42 creatures vanquished.

Notes
Turn   | Place    | Note
-------+----------+-------------------------------------------
     0 | D:1      | qw the Deep Elf Hunter began the quest for the Orb.
     0 | D:1      | Reached XP level 1. HP: 12/12 MP: 3/3
     0 | D:1      | 0 ||| qw: Version: 0.3-a-22-g0ed2b0b
     0 | D:1      | 0 ||| qw: Game counter: 5554
     0 | D:1      | 0 ||| qw: Melee chars always use a shield: true
     0 | D:1      | 0 ||| qw: God list: Okawaru
     0 | D:1      | 0 ||| qw: Allow faded altars: false
     0 | D:1      | 0 ||| qw: Do Orc after clearing Dungeon:15 true
     0 | D:1      | 0 ||| qw: Do second Lair branch before Depths: true
     0 | D:1      | 0 ||| qw: Lair rune preference: random
     0 | D:1      | 0 ||| qw: Goals: Normal
     0 | D:1      | 0 ||| PLANNING D:1-11
    96 | D:1      | Reached XP level 2. HP: 16/16 MP: 4/4
   198 | D:1      | Reached skill level 6 in Ranged Weapons
   426 | D:1      | Reached XP level 3. HP: 20/20 MP: 5/5
   879 | D:1      | 879 ||| UPGRADING to +6 ring of strength.
   880 | D:1      | 880 ||| READING scroll labelled HOERRE UCKUXT.
   881 | D:1      | 881 ||| READING 2 scrolls labelled ENU LATODYSTY.
   885 | D:1      | 885 ||| DRINKING 2 brown potions.
   886 | D:1      | 886 ||| DRINKING 2 green potions.
   887 | D:1      | 887 ||| DROPPING scroll of butterflies.
   888 | D:1      | 888 ||| DROPPING potion of brilliance.
   936 | D:2      | Reached skill level 7 in Ranged Weapons
  1049 | D:2      | Reached XP level 4. HP: 25/25 MP: 6/6
  1066 | D:2      | Noticed Sigmund
  1076 | D:2      | 1076 ||| UPGRADING to +0 ring mail.
  1082 | D:2      | HP: 1/25 [Sigmund/puff of flame (10)]
  1086 | D:2      | 1086 ||| DROPPING +0 leather armour.
  1086 | D:2      | Slain by Sigmund

Levels and vault maps discovered:
D:1:      psy_arrival_heroes, layout_basic
D:2:      layout_loops_ring, minmay_divided_ellipse, uniq_crazy_yiuf_cottage,
          uniq_sigmund

Skill      XL: |  1  2  3 |
---------------+----------+-----
Ranged Weapons | 6 7 |  7.4
Fighting       | |  1.5
Dodging        | |  2.4
Stealth        | |  1.2

Action                     |  1- 3 |  4- 6 || total
---------------------------+-------+-------++-------
   Fire: Shortbow          |    99 |     3 ||   102
    Use: Scroll            |     2 |       ||     2
         Potion            |     2 |       ||     2
 Armour: Leather armour    |     9 |       ||     9
  Dodge: Dodged            |     9 |     4 ||    13

Table legend:
 A = Non-vault XP
 B = Vault XP
 C = Vault XP percentage of total XP
 D = Non-vault monster count
 E = Vault monster count
 F = Vault count percentage of total count
                 A         B        C        D         E       F
            +---------+---------+-------+---------+---------+-------
      Total |      65 |      32 |  33.0 |      36 |       6 |  14.3
            +---------+---------+-------+---------+---------+-------
        D:1 |      59 |       0 |   0.0 |      32 |       0 |   0.0
        D:2 |       6 |      32 |  84.2 |       4 |       6 |  60.0
            +---------+---------+-------+---------+---------+-------
